 Dungeon Crawl Stone Soup version 0.31-a0-986-g5e6e4ef867 (webtiles) character file.

Game seed: 17417416926495759191

448 croobank the Conjurer (level 6, -3/46 HPs)
             Began as a Demonspawn Conjurer on Nov 25, 2023.
             Was an Initiate of Gozag.
             Slain by a scorpion (7 damage)
             ... on level 4 of the Dungeon.
             The game lasted 00:12:56 (4686 turns).

croobank the Conjurer (Demonspawn Conjurer)         Turns: 4686, Time: 00:12:57

Health: -3/46      AC:  5    Str: 14    XL:     6   Next: 73%
Magic:  1/10       EV: 12    Int: 21    God:    Gozag
Gold:   159        SH:  0    Dex: 11    Spells: 5/11 levels left

rFire   . . .        a - +2 dagger (freeze)
rCold   . . .        (no shield)
rNeg    . . .        t - +0 robe
rPois   .            (no helmet)
rElec   .            (no cloak)
rCorr   .            v - +0 pair of gloves
SInv    .            (no boots)
Will    .....        (no amulet)
Stlth   ++           b - +6 ring of strength
HPRegen 0.27/turn    (no ring)
MPRegen 0.24/turn

%: no passive effects
@: lethally poisoned (-3 -> -10)
A: slimy green scales 1, powered by death 1, magic regeneration
a: Renounce Religion, Potion Petition, Call Merchant, Bribe Branch


You were on level 4 of the Dungeon.
You worshipped Gozag.
Gozag was aware of your devotion.
You visited 2 branches of the dungeon, and saw 6 of its levels.

You collected 262 gold pieces.
You spent 52 gold pieces at shops.
You paid 51 gold pieces to Gozag.

Inventory:

Hand Weapons
 a - a +2 dagger of freezing (weapon)
 c - a +0 short sword
 r - a +0 eveningstar
Missiles
 m - 7 poisoned darts (quivered)
 y - 2 boomerangs
 A - 6 silver javelins
Armour
 h - a +0 ring mail
 t - a +0 robe (worn)
 v - a +0 pair of gloves (worn)
Magical Staves
 k - a staff of poison
Jewellery
 b - a +6 ring of strength (left hand)
Wands
 i - a wand of flame (27)
 s - a wand of acid (5)
Scrolls
 d - a scroll of acquirement {unknown}
 e - a scroll of revelation {unknown}
 f - 3 scrolls of teleportation
 j - a scroll of torment {unknown}
 l - a scroll of silence {unknown}
 n - a scroll of enchant weapon {unknown}
 o - 2 scrolls of fear {unknown}
 p - a scroll of noise {unknown}
 q - a scroll of vulnerability {unknown}
 u - a scroll of enchant armour {unknown}
 x - a scroll of identify
Potions
 g - 2 potions of mutation
 w - a potion of curing
 z - a potion of brilliance


   Skills:
 + Level 2.4 Fighting
 + Level 3.1 Dodging
 + Level 3.4 Stealth
 + Level 3.3 Spellcasting
 + Level 4.9 Conjurations
 + Level 2.2 Hexes


You had 5 spell levels left.
You knew the following spells:

 Your Spells              Type           Power      Damage    Failure   Level
a - Magic Dart            Conj           96%        1d7       1%          1
b - Searing Ray           Conj           48%        2d6       2%          2
c - Dazzling Flash        Conj/Hex       36%        N/A       9%          3

Your spell library contained the following spells:

 Spells                   Type           Power      Damage    Failure   Level
 Ensorcelled Hibernation  Hex/Ice        16%        N/A       12%         2
 Passwall                 Tmut/Erth      2%         N/A       21%         2
 Fulminant Prism          Conj/Hex       9%         3d7       28%         4
 Swiftness                Air            3%         N/A       36%         3
 Iskenderun's Mystic Bla  Conj/Tloc      13%        2d5       43%         4


Dungeon Overview and Level Annotations

Branches:
Dungeon (5/15)             Temple (1/1) D:4

Altars:
Ashenzari
Fedhas
Gozag
Kikubaaqudgha
Makhleb
Okawaru
Qazlal
Ru
Sif Muna
Trog
Uskayaw
Vehumet
Wu Jian
Xom
Yredelemnul

Shops:
D:2 :[(?[


Innate Abilities, Weirdness & Mutations

You are partially covered in slimy green scales. (AC +2)
You regenerate a little health from kills.
You regenerate magic rapidly.


Message History

You feel sick. The scorpion closely misses you.
The searing ray misses the scorpion.
You feel sick. The scorpion stings you.
The searing ray hits the scorpion!
The scorpion is heavily wounded.
You feel sick. The scorpion stings you.
You are more poisoned.
The scorpion poisons you! The scorpion misses you.
The searing ray misses the scorpion.
You finish channelling your searing ray.
You feel sick. The scorpion closely misses you.
You feel sick. The scorpion attacks as it pursues you! The scorpion stings you.
You are lethally poisoned!
The scorpion poisons you!
You see here 10 gold pieces.
You feel very sick.
You hit the scorpion but do no damage.
The scorpion is heavily wounded.
* * * LOW HITPOINT WARNING * * *
You feel very sick. The scorpion stings you.
* * * LOW HITPOINT WARNING * * *
You hit the scorpion but do no damage.
The scorpion is heavily wounded.
* * * LOW HITPOINT WARNING * * *
You feel very sick. The scorpion stings you.
* * * LOW HITPOINT WARNING * * *
Casting: Searing Ray (safe; 2% risk of failure)
Confirm with . or Enter, or press ? or * to list all spells.
Aiming: Searing Ray (safe; 2% risk of failure)
Press: ? - help, Shift-Dir - straight line, f/p - scorpion
Aim: a scorpion (heavily wounded, 79% to hit)
The searing ray hits the scorpion.
The scorpion is severely wounded. (Press . to maintain the ray.)
* * * LOW HITPOINT WARNING * * *
You feel very sick. The scorpion stings you!
You die...
Your body crumbles into a pile of gold.

#.#.# #.# #.######
#.#.# #.# #.......
##.#.#### #.# #####..#
#.......########.# #..#
#..#.............# #..#
..)####.########## #..#
##.# #.##########
##########..# #.#
#..........#
#...........# #.#
##########@#
#.########.## #.# #s#
#..#######.# #.# #>#
#.#........# #.# #.#
#..######### #.########
#.# #..#
#........######.####..#
########..............#
################


You could see a scorpion.

Vanquished Creatures
  Grinder (D:3)
  A scorpion (D:4)
  An orc priest (D:3)
  A hound (D:3)
  A sleepcap (D:5)
  A gnoll (D:2)
  An adder (D:2)
  A worm (D:2)
  4 dart slugs
  8 orcs
  2 bats
  8 endoplasms
  A giant cockroach (D:1)
  A goblin (D:1)
  6 hobgoblins
  10 jackals
  4 quokkas
  7 ball pythons
  5 frilled lizards
  10 kobolds
  3 rats (D:3)
77 creatures vanquished.

Notes
Turn   | Place    | Note
-------+----------+-------------------------------------------
     0 | D:1      | croobank the Demonspawn Conjurer began the quest for the
                  | Orb.
     0 | D:1      | Reached XP level 1. HP: 13/13 MP: 3/3
   261 | D:1      | Gained mutation: You regenerate a little health from kills.
                  | [demonic ancestry]
   261 | D:1      | Reached XP level 2. HP: 16/19 MP: 0/5
   355 | D:1      | Learned a level 2 spell: Searing Ray
   868 | D:1      | Gained mutation: You are partially covered in slimy green
                  | scales. (AC +2) [demonic ancestry]
   868 | D:1      | Reached XP level 3. HP: 25/25 MP: 0/6
   924 | D:1      | Learned a level 3 spell: Dazzling Flash
   955 | D:1      | Found a faded altar of an unknown god.
  1702 | D:2      | Found Geuch's Antique Armour Boutique.
  1753 | D:2      | Found Viuvvyoz's Weapon Shoppe.
  1826 | D:2      | Found Xeadef's Antique Armour Shoppe.
  1920 | D:2      | Found Nihurrud's Magic Scroll Shop.
  1923 | D:2      | Bought 2 scrolls of identify for 52 gold pieces
  2032 | D:2      | Reached skill level 1 in Fighting
  2315 | D:2      | Found Goihit's Book Boutique.
  2331 | D:2      | Gained mutation: You regenerate magic rapidly. [demonic
                  | ancestry]
  2331 | D:2      | Reached XP level 4. HP: 30/32 MP: 3/7
  2678 | D:3      | Reached skill level 1 in Hexes
  2709 | D:3      | Found a hide-covered altar of Uskayaw.
  2756 | D:3      | Reached XP level 5. HP: 37/37 MP: 1/9
  2900 | D:3      | Noticed Grinder
  2904 | D:3      | Paralysed by Grinder for 5 turns
  2919 | D:3      | Killed Grinder
  2920 | D:3      | Reached XP level 6. HP: 15/44 MP: 0/10
  3725 | D:4      | Found a staircase to the Ecumenical Temple.
  3740 | Temple   | Entered the Ecumenical Temple
  3760 | Temple   | Became a worshipper of Gozag Ym Sagoz the Greedy
  4478 | D:4      | Found a radiant altar of Vehumet.
  4613 | D:5      | Entered Level 5 of the Dungeon
  4686 | D:4      | Slain by a scorpion

Illustrated notes

Levels and vault maps discovered:
D:1:      roderic_octagonal_star, layout_basic,
          shapermc_ecumenical_altar_mp_ritualfount
D:2:      layout_basic, serial_shops, nicolae_shop_rolling_square,
          nicolae_shop_real_fake_doors, nicolae_shop_bloodbath_and_beyond,
          nicolae_shop_advertising_works [nicolae_subvault_shop_adworks],
          nicolae_square_shop, minmay_misc_feat_plants, cheibrodos_gnoll_hut
D:3:      layout_basic, nicolae_uskayaw_suspiria, uniq_grinder
D:4:      layout_loops_ring, lemuel_coloured_pillars_altar, temple_statues
D:5:      layout_basic, portal_sewer_entry_e, gammafunk_ghost_gnarly_gnolls,
          uniq_edmund, uniq_ijyb, uniq_blork_the_orc
Temple:   kb_temple_of_zot

Skill      XL: |  1  2  3  4  5 |
---------------+----------------+-----
Stealth        | 2 3 |  3.4
Dodging        | 2 3 |  3.1
Fighting       | 1 2 |  2.4
Hexes          | 1 2 |  2.2
Spellcasting   | 3 |  3.3
Conjurations   | |  4.9

Action                     |  1- 3 |  4- 6 || total
---------------------------+-------+-------++-------
  Melee: Unarmed           |    10 |       ||    10
         Short sword       |    18 |    10 ||    28
         Dagger            |       |    13 ||    13
  Throw: Dart              |       |     2 ||     2
   Cast: Magic Dart        |    33 |    25 ||    58
         Searing Ray       |    24 |    23 ||    47
    Use: Potion            |     1 |     3 ||     4
         Scroll            |     2 |     2 ||     4
   Stab: Sleeping          |     1 |       ||     1
 Armour: Robe              |    20 |    33 ||    53
         Skin              |       |     7 ||     7
  Dodge: Dodged            |    31 |    42 ||    73

Table legend: (Time is in decaauts)
 A = Elapsed time spent in this place.
 B = Non-inter-level travel time spent in this place.
 C = Inter-level travel time spent in this place.
 D = Time resting spent in this place.
 E = Time spent auto-exploring this place.
 F = Levels seen in this place.
 G = Mean time per level.
                   A        B        C        D        E       F      G
               +--------+--------+--------+--------+--------+-----+--------+
         Total |   4685 |   4560 |    125 |   1006 |   2753 |   6 |  780.8 |
       Dungeon |   4644 |   4558 |     86 |   1006 |   2753 |   5 |  928.8 |
        Temple |     40 |      1 |     39 |      0 |      0 |   1 |   40.0 |
               +--------+--------+--------+--------+--------+-----+--------+

Top non-repeatable levels by time:
     D:1: 1507 daAuts
     D:3: 1197 daAuts
     D:2: 983 daAuts
     D:4: 897 daAuts
     D:5: 59 daAuts
  Temple: 40 daAuts
